[Event "*** Qualifier 2: Titled Tuesday 3|2 Blitz"]
[Site "Chess.com"]
[Date "2017.04.11"]
[Round "5"]
[White "joppie2"]
[Black "Alex_Molchanov"]
[Result "0-1"]
[WhiteElo "2530"]
[BlackElo "2417"]
[TimeControl "180+2"]
[EndTime "14:04:20 PDT"]
[Termination "Alex_Molchanov won by resignation"]

1. e4 c6 2. d4 d5 3. e5 Bf5 4.
Nf3 e6 5. Be2 Ne7 6. O-O h6 7. Re1 Bg6 8. c3 Nd7 9. Nbd2 Nf5 10. a4 Be7 11. a5 O-O 12. b4 b6 13.
Nf1 c5 14. bxc5 bxc5 15. Ba3 Qxa5 16. Bxc5 Qd8 17. Bxa7 Qc7 18. Qa4 Rfc8 19. Reb1 Nxd4 20. Nxd4 Bxb1 21. Nb5 Qxe5 22. Rxb1 Qxe2 23. Ne3 Nc5 24. Qa1 Ne4 25. Rb2 Qd3 26. Ra2 Qxb5 27. Ra5 Qe2 28. Ra2 Qb5 29. Ra5 Qb7 30. h3 Bf6 31. Ra6 Nxc3 32. Qa5 Nb5 33. Rb6 Qxa7 34. Qxb5 Be5 35. Rb7 Qa1+ 36. Nf1 Qa6 37. Qd7 Rc1 38. Qxf7+ Kh8 0-1

[Event "*** Qualifier 2: Titled Tuesday 3|2 Blitz"]
[Site "Chess.com"]
[Date "2017.04.11"]
[Round "5"]
[White "aa175"]
[Black "Ilja_Semjonovs"]
[Result "0-1"]
[WhiteElo "1867"]
[BlackElo "2172"]
[TimeControl "180+2"]
[EndTime "14:04:29 PDT"]
[Termination "Ilja_Semjonovs won on time"]

1. e4 c5 2. Nf3 d6 3. d4 cxd4 4.
Nxd4 Nf6 5. Nc3 a6 6. Be3 e5 7. Nb3 Be6 8. f3 Be7 9. Bg5 O-O 10. Be2 Nbd7 11. O-O b5 12. Qd2 Rc8 13. Rfd1 b4 14. Na4 Nxe4 15. Bxe7 Nxd2 16. Bxd8 Nxb3 17. axb3 Rfxd8 18.
Rxd6 Rxc2 19. Bxa6 Ra8 20. Bb5 Nc5 21. Rad1 g6 22. Rd8+ Rxd8 23. Rxd8+ Kg7 24. Rc8 Rc1+ 25. Bf1 Nxb3 26. Rxc1 Nxc1 27. Nc5 Bd5 28. Bb5 Kf6 29. Nd7+ Ke6 30. Nf8+ Ke7 31. Nxh7 f6 32. g4 Bg8 0-1

[Event "*** Qualifier 2: Titled Tuesday 3|2 Blitz"]
[Site "Chess.com"]
[Date "2017.04.11"]
[Round "5"]
[White "kleinebeer98"]
[Black "Kozok"]
[Result "1-0"]
[WhiteElo "2476"]
[BlackElo "2287"]
[TimeControl "180+2"]
[EndTime "14:04:31 PDT"]
[Termination "kleinebeer98 won by resignation"]

1. e4 c5 2. Nf3 e6 3. b3 d5 4. exd5 exd5 5. Bb2 Nc6 6. Bb5 a6 7. Qe2+ Be6 8. Bxc6+ bxc6 9. O-O d4 10.
b4 Rb8 11. Qxa6 Rb6 12. Qe2 Rxb4 13. Ba3 Ra4 14. Qe5 Qd6 15. Re1 Qxe5 16. Nxe5 Bd6 17. Nd3 Rc4 18. c3 Nf6 19. cxd4 Rxd4 20. Nxc5 Bxc5 21.
Bxc5 Rc4 22. d4 Kd7 23. a4 Ra8 24. a5 Ne4 25. Na3 Rc3 26. Rxe4 Rxa5 27. Bb4 1-0

[Event "*** Qualifier 2: Titled Tuesday 3|2 Blitz"]
[Site "Chess.com"]
[Date "2017.04.11"]
[Round "5"]
[White "stepanosinovsky"]
[Black "korason34"]
[Result "1-0"]
[WhiteElo "2221"]
[BlackElo "2340"]
[TimeControl "180+2"]
[EndTime "14:04:37 PDT"]
[Termination "stepanosinovsky won by resignation"]

1. e4 c5 2. Nf3 d6 3. d4 cxd4 4. Qxd4 a6 5. c4 Nc6 6. Qe3 Nf6 7. Be2 g6 8. O-O Bg7 9. Nc3 O-O 10. Rd1 Qc7 11.
Nd5 Nxd5 12. cxd5 Ne5 13. Nxe5 Bxe5 14. a4 f5 15. f4 Bg7 16. Bd2 fxe4 17. Rac1 Qd8 18.
Bc3 Bf5 19. g4 Bd7 20. Bxg7 Kxg7 21. Qxe4 Qb6+ 22. Qd4+ Qxd4+ 23. Rxd4 Rfc8 24. Rdc4 Rxc4 25. Rxc4 Rc8 26. Rxc8 Bxc8 27. a5 Bd7 28. Kf2 Ba4 29. Ke3 Kf6 30. g5+ Kf7 31. Bg4 Bb5 32. Bc8 Bc4 33. Kd4 Bf1 34. Bxb7 e6 35. dxe6+ Kxe6 36. Bc8+ Ke7 37. h4 Be2 38. b4 Kd8 39. Be6 Kc7 40. Bg8 Kc6 41. Bxh7 Bh5 42. Bg8 Kb5 43. Kc3 Bf3 44.
Bc4+ Kc6 45. Bxa6 Kd5 46. Bd3 1-0

[Event "*** Qualifier 2: Titled Tuesday 3|2 Blitz"]
[Site "Chess.com"]
[Date "2017.04.11"]
[Round "5"]
[White "Alexander_Donchenko"]
[Black "LawrenceTrent"]
[Result "0-1"]
[WhiteElo "2576"]
[BlackElo "2427"]
[TimeControl "180+2"]
[EndTime "14:04:41 PDT"]
[Termination "LawrenceTrent won by resignation"]

1. Nf3 g6 2. c4 Bg7 3. g3 d6 4. d4 Nf6 5. Bg2 O-O 6. Nc3 c6 7. O-O Qb6 8. b3 Qa5 9. Bb2 Qh5 10. e4 Bg4 11. Re1 Nbd7 12. Qd3 e5 13. dxe5 Nc5 14. Qxd6 Nfd7 15. Nh4 Nxe5 16. h3 Be6 17.
Rad1 Bf6 18. Nd5 cxd5 19. exd5 Ncd3 20. Bxe5 Nxe5 21. dxe6 Rad8 22. e7 Bxe7 23. Qxe7 Rxd1 24. Rxd1 Qxd1+ 25. Kh2 Qd4 26. Qxb7 Qxf2 27. Qe4 Re8 28. g4 Qxh4 0-1

[Event "*** Qualifier 2: Titled Tuesday 3|2 Blitz"]
[Site "Chess.com"]
[Date "2017.04.11"]
[Round "5"]
[White "penguingm1"]
[Black "GMMelik"]
[Result "1-0"]
[WhiteElo "2587"]
[BlackElo "2493"]
[TimeControl "180+2"]
[EndTime "14:04:44 PDT"]
[Termination "penguingm1 won by resignation"]

1. d4 Nf6 2. c4 g6 3. f3 e6 4. Nc3 d5 5. e4 c5 6. cxd5 exd5 7. Bg5 Be7 8. Bb5+ Nc6 9. Bxf6 Bxf6 10. exd5 a6 11. Qe2+ Kf8 12. dxc6 cxd4 13. c7 Qxc7 14.
Nd5 Qa5+ 15. b4 Qa3 16. Nxf6 Qc3+ 17. Kf2 Qxa1 18. Qe8+ Kg7 19. Qe5 Kf8 20. Bd3 Be6 21. Nd7+ Ke7 22. Nc5 b6 23. Ne4 Rhd8 24. Qf6+ Ke8 25.
Qh8+ Kd7 26. Qe5 Rac8 27. Qd6+ 1-0

[Event "*** Qualifier 2: Titled Tuesday 3|2 Blitz"]
[Site "Chess.com"]
[Date "2017.04.11"]
[Round "5"]
[White "MFBerna"]
[Black "DanielNaroditsky"]
[Result "1-0"]
[WhiteElo "2141"]
[BlackElo "2749"]
[TimeControl "180+2"]
[EndTime "14:04:50 PDT"]
[Termination "MFBerna won by checkmate"]

1. e4 e6 2. d4 d5 3. Nc3 Bb4 4. e5 c5 5. a3 Bxc3+ 6. bxc3 Qa5 7. Qd2 Ne7 8. a4 Bd7 9. Ba3 b6 10. Nf3 Bxa4 11. c4 Qxd2+ 12. Kxd2 Nd7 13. cxd5 exd5 14.
Bxc5 bxc5 15. Rxa4 c4 16. Ra6 Nb6 17. Be2 Kd7 18.
Rha1 Nc6 19. Kc3 h6 20. Nh4 g6 21. Bg4+ Kc7 22. Bf3 Rhd8 23. g3 Kb7 24. Ng2 Ne7 25. Ne3 Rd7 26. R6a5 a6 27. Rb1 Ka7 28. Rba1 Kb7 29.
Rb1 Kc7 30. Rc5+ Nc6 31. Nxd5+ Rxd5 32. Bxd5 Na4+ 33. Kxc4 Nxc5 34. Kxc5 Rb8 35. Rxb8 Nxb8 36. Bxf7 Nd7+ 37. Kd5 a5 38. Ke6 a4 39. Ke7 a3 40. Ba2 Nb6 41. d5 Nc8+ 42. Ke8 Nb6 43. d6+ Kc6 44. Kf7 Na4 45. Ke7 Nb6 46. f4 h5 47. h3 Nc8+ 48. Ke8 g5 49. fxg5 Nb6 50. Ke7 Na4 51. d7 Nc3 52. Bb3 Na2 53. Bxa2 h4 54. gxh4 Kc5 55. d8=Q Kb4 56. Qd6+ Kc3 57. Qd3+ Kb2 58.
Qb3+ Ka1 59. Qb1# 1-0

[Event "*** Qualifier 2: Titled Tuesday 3|2 Blitz"]
[Site "Chess.com"]
[Date "2017.04.11"]
[Round "5"]
[White "Grebeniuk-S"]
[Black "PowerThinking2650"]
[Result "1-0"]
[WhiteElo "2395"]
[BlackElo "2208"]
[TimeControl "180+2"]
[EndTime "14:04:50 PDT"]
[Termination "Grebeniuk-S won by resignation"]

1. d4 Nf6 2. Nf3 g6 3. Bg5 Bg7 4.
Nbd2 d5 5. Bxf6 exf6 6. e3 f5 7. g3 O-O 8. Bg2 Nd7 9. O-O h5 10. c4 Nf6 11. Rc1 Be6 12. Qb3 dxc4 13. Nxc4 Ne4 14.
Qxb7 Bd5 15. Qa6 Qe7 16. Qa3 Qxa3 17. Nxa3 c5 18. b3 cxd4 19. exd4 a5 20. Nc4 a4 21.
Nb6 Rad8 22. Nxa4 h4 23. gxh4 Rfe8 24. Nc5 Ra8 25. Rc2 Nf6 26. Ne5 Bxg2 27. Kxg2 Nh5 28. Kf3 Rad8 29. Rc4 Rd5 30. b4 Red8 31. Rb1 Nf6 32.
Nc6 1-0

[Event "*** Qualifier 2: Titled Tuesday 3|2 Blitz"]
[Site "Chess.com"]
[Date "2017.04.11"]
[Round "5"]
[White "silverback96"]
[Black "aRk_iN"]
[Result "0-1"]
[WhiteElo "2045"]
[BlackElo "2145"]
[TimeControl "180+2"]
[EndTime "14:04:50 PDT"]
[Termination "aRk_iN won by checkmate"]

1. Nf3 Nf6 2. c4 c5 3. Nc3 Nc6 4. g3 g6 5. Bg2 Bg7 6. O-O O-O 7. d3 d5 8. cxd5 Nxd5 9. Bd2 Nxc3 10. Bxc3 e5 11.
Rc1 Be6 12. Qa4 Qd7 13. Nd2 Rac8 14. Rfd1 b6 15. Bxc6 Rxc6 16. Nc4 f6 17. b4 Rfc8 18.
b5 R6c7 19. e3 Bd5 20. e4 Be6 21. Qc2 Bg4 22. Rd2 Bf3 23. Ra1 Qh3 24. Ne3 Bh6 25.
Qb1 Rd7 26. Qf1 Qxf1+ 27. Kxf1 Rcd8 28. Nd5 Bxd2 29. Bxd2 Kf7 30. a4 c4 31. dxc4 Bxe4 32. a5 Bxd5 33. cxd5 Rxd5 34. Be3 Rd1+ 35. Rxd1 Rxd1+ 36. Ke2 Rb1 37. axb6 axb6 38. Bxb6 Rxb5 39. Be3 Ke6 40.
Ba7 f5 41. Be3 Kd5 42. Ba7 Ke4 43. f3+ Kd5 44. Be3 Kc4 45. Bg5 Rb2+ 46. Ke3 Rxh2 47. Bf6 Kd5 48. f4 exf4+ 49. Kxf4 Ke6 50. Bg5 h6 51. Bd8 g5+ 52. Kf3 Ra2 53. Bc7 Ra3+ 54.
Kf2 Kd5 55. Kg2 Ke4 56. Bd6 Ra2+ 57. Kh3 g4+ 58. Kh4 Rh2# 0-1

[Event "*** Qualifier 2: Titled Tuesday 3|2 Blitz"]
[Site "Chess.com"]
[Date "2017.04.11"]
[Round "5"]
[White "GeorgMeier"]
[Black "Cecile_Haussernot"]
[Result "1/2-1/2"]
[WhiteElo "2711"]
[BlackElo "2304"]
[TimeControl "180+2"]
[EndTime "14:04:53 PDT"]
[Termination "Game drawn by repetition"]

1. Nf3 c5 2. g3 Nc6 3. c4 g6 4.
Nc3 Bg7 5. Bg2 e6 6. O-O Nge7 7. e3 d5 8. cxd5 exd5 9. d4 cxd4 10. Nxd4 O-O 11. Re1 Be6 12. Nxc6 bxc6 13. Na4 Rb8 14. Bd2 Qd6 15. Qc2 Rfc8 16. Bc3 c5 17. Bxg7 Kxg7 18. Rac1 c4 19. Red1 Qe5 20. Rd2 Nc6 21.
Qc3 Qxc3 22. Nxc3 Nb4 23. Bf1 Nd3 24. Bxd3 cxd3 25. f3 Rb4 26. Kf2 h5 27. b3 Rb7 28.
Rxd3 Rbc7 29. Ke2 Bf5 30. e4 dxe4 31. fxe4 Bxe4 32. Re3 Bf5 33. Ke1 a5 34. Kd2 Rd8+ 35.
Ke1 Rdc8 36. Kd2 Rd8+ 37. Ke1 Rdc8 38. Kd2 Rd8+ 39. Ke1 Rdc8 40. Kd2 Rd8+ 41. Ke1 Rdc8 1/2-1/2

[Event "*** Qualifier 2: Titled Tuesday 3|2 Blitz"]
[Site "Chess.com"]
[Date "2017.04.11"]
[Round "5"]
[White "MITerryble"]
[Black "jefferyx"]
[Result "0-1"]
[WhiteElo "2646"]
[BlackElo "2654"]
[TimeControl "180+2"]
[EndTime "14:04:56 PDT"]
[Termination "jefferyx won by resignation"]

1. d4 Nf6 2. Nf3 g6 3. Bg5 Bg7 4. Nbd2 h6 5. Bh4 d6 6. c3 g5 7.
Bg3 Nh5 8. e4 e6 9. Bd3 Nc6 10.
Nc4 Bd7 11. Qe2 Qe7 12. O-O-O O-O-O 13. e5 Nxg3 14. hxg3 g4 15. exd6 cxd6 16. Nh4 d5 17. Ne3 h5 18. Kb1 Kb8 19. f3 gxf3 20. gxf3 Rhg8 21. f4 Bf6 22. Nf1 Bxh4 23. Rxh4 Rxg3 24. Qh2 Rg7 25. f5+ e5 26. Ne3 Bc8 27. dxe5 Qxe5 28.
Rxh5 Rg3 29. Nf1 Rf3 30. Qxe5+ Nxe5 31. Bc2 Nc4 32. Nd2 Nxd2+ 33. Rxd2 Rf1+ 34. Rd1 Rxd1+ 35. Bxd1 Re8 36. Bf3 Re5 37. f6 Re6 38. Bxd5 Rxf6 39. Kc2 Kc7 40. Rh7 Bf5+ 0-1

[Event "*** Qualifier 2: Titled Tuesday 3|2 Blitz"]
[Site "Chess.com"]
[Date "2017.04.11"]
[Round "5"]
[White "FelixBlohberger"]
[Black "alturas_pacificas"]
[Result "1-0"]
[WhiteElo "2242"]
[BlackElo "2132"]
[TimeControl "180+2"]
[EndTime "14:04:56 PDT"]
[Termination "FelixBlohberger won by resignation"]

1. c4 c5 2. Nc3 Nf6 3. Nf3 Nc6 4.
d4 cxd4 5. Nxd4 g6 6. e4 d6 7. f3 Bg7 8. Be3 O-O 9. Be2 Bd7 10. O-O Nxd4 11. Bxd4 Bc6 12. b4 b6 13. Nd5 Nxd5 14.
cxd5 Bb7 15. Bxg7 Kxg7 16. Qd4+ Kg8 17. Rac1 Rc8 18. Qd2 Qd7 19. Rxc8 Rxc8 20. Rc1 Rc7 21. Rxc7 Qxc7 22. Bb5 h5 23. Bc6 Bc8 24. h4 a5 25.
Kh2 axb4 26. Qxb4 e6 27. f4 Qd8 28. g3 e5 29. fxe5 dxe5 30. d6 Qf6 31. Qd2 Qd8 32. d7 Ba6 33. Qg5 f6 34. Qxg6+ Kf8 35. Qxh5 Ke7 36.
Qe8+ 1-0

[Event "*** Qualifier 2: Titled Tuesday 3|2 Blitz"]
[Site "Chess.com"]
[Date "2017.04.11"]
[Round "5"]
[White "3f32"]
[Black "Noukii"]
[Result "0-1"]
[WhiteElo "2388"]
[BlackElo "2625"]
[TimeControl "180+2"]
[EndTime "14:04:56 PDT"]
[Termination "Noukii won by resignation"]

1. d4 d5 2. c4 c6 3. Nc3 Nf6 4. Nf3 a6 5. e3 Bf5 6. Ne5 Nbd7 7. Qb3 Qc7 8. cxd5 Nxe5 9. dxe5 Nxd5 10. Nxd5 cxd5 11. Bd2 e6 12. Rc1 Qd7 13. Be2 Be7 14.
O-O O-O 15. Bb4 Rfc8 16. Bxe7 Qxe7 17. Rc3 h6 18. Rfc1 Qd7 19. Qb6 Rxc3 20. Rxc3 Rc8 21. Qd6 Qe8 22. Rc7 Rxc7 23. Qxc7 Qa4 24. Qxb7 Qxa2 25.
h3 a5 26. g4 Qb1+ 27. Kh2 Be4 28. Qb8+ Kh7 29. f3 Qe1 30. fxe4 Qxe2+ 31. Kh1 Qf3+ 32. Kh2 Qxe4 33. Qc7 Kg6 34. Qxa5 Qxe5+ 35. Kg2 Qxb2+ 36. Kg3 Qe5+ 37. Kf3 Qh2 38. Qa4 Qxh3+ 39. Kf2 Qh2+ 40. Kf3 Qh1+ 41. Kf2 Qe4 42. Qd1 Kg5 0-1

[Event "*** Qualifier 2: Titled Tuesday 3|2 Blitz"]
[Site "Chess.com"]
[Date "2017.04.11"]
[Round "5"]
[White "Gabix_94"]
[Black "pedromartinez91"]
[Result "1-0"]
[WhiteElo "2518"]
[BlackElo "2322"]
[TimeControl "180+2"]
[EndTime "14:04:58 PDT"]
[Termination "Gabix_94 won by checkmate"]

1. e4 e6 2. d4 d5 3. Nc3 Nf6 4.
Bg5 Be7 5. e5 Ne4 6. Nxe4 Bxg5 7. Nxg5 Qxg5 8. h4 Qe7 9. Qd2 c5 10. dxc5 Nc6 11. f4 Qxc5 12. O-O-O Bd7 13. Nf3 Rc8 14.
Kb1 Na5 15. Rh3 Ba4 16. Nd4 Nc6 17. Rc3 Qb6 18. f5 O-O 19. fxe6 Qxd4 20. exf7+ Kxf7 21. Qxd4 Nxd4 22. Rxd4 Ke6 23. Bd3 Bc6 24. b4 Kxe5 25. Rg4 g6 26. Rg5+ Kd4 27. Kb2 a6 28. Be2 Rf5 29. Rgg3 Ke5 30. Bg4 d4 31. Rc5+ Kf4 32. Bxf5 gxf5 33. Rg5 Rf8 34. Kc1 Bxg2 35. Rxg2 Kf3 36.
Rg7 f4 37. Rxh7 Kg4 38. Rg7+ Kxh4 39. Rcg5 f3 40. Rg1 f2 41. Rh1# 1-0

[Event "*** Qualifier 2: Titled Tuesday 3|2 Blitz"]
[Site "Chess.com"]
[Date "2017.04.11"]
[Round "5"]
[White "ftorodent"]
[Black "pKiLz5Rn9b"]
[Result "1-0"]
[WhiteElo "2512"]
[BlackElo "2502"]
[TimeControl "180+2"]
[EndTime "14:05:09 PDT"]
[Termination "ftorodent won by resignation"]

1. d4 Nf6 2. c4 e6 3. Nf3 b6 4. a3 Bb7 5. Nc3 d5 6. cxd5 Nxd5 7. e3 Be7 8. Bb5+ c6 9. Bd3 O-O 10. Qc2 g6 11. h4 Nxc3 12. bxc3 Ba6 13. c4 Qe8 14. h5 Nd7 15. e4 Bf6 16. Bh6 Bg7 17. Qd2 Bh8 18. Bxf8 Nxf8 19. hxg6 fxg6 20. e5 c5 21. dxc5 Rd8 22. Qe3 bxc5 23. O-O Qa4 24.
Rad1 Bxc4 25. Bxc4 Rxd1 26. Qxc5 Rxf1+ 27. Bxf1 Bg7 28. Bc4 h6 29. g3 Qd1+ 30. Kg2 Kh7 31. Qxa7 Qc2 32.
Qd4 Qf5 33. a4 Qf7 34. a5 Nd7 35. a6 Nb8 36. Qb6 Nd7 37. Qxe6 1-0

[Event "*** Qualifier 2: Titled Tuesday 3|2 Blitz"]
[Site "Chess.com"]
[Date "2017.04.11"]
[Round "5"]
[White "XiaoKangZhong"]
[Black "GianmarcoVaR"]
[Result "0-1"]
[WhiteElo "1940"]
[BlackElo "2480"]
[TimeControl "180+2"]
[EndTime "14:05:33 PDT"]
[Termination "GianmarcoVaR won by resignation"]

1. e4 Nf6 2. e5 Ng8 3. d4 d5 4. Bd3 c5 5. c3 Nc6 6. Ne2 cxd4 7. cxd4 Qb6 8. a3 Bd7 9. Bc2 e6 10. Nbc3 h5 11. O-O Nh6 12. b4 Rc8 13. Be3 Qc7 14. Qd2 Ne7 15. h3 Nef5 16. Ba4 Bxa4 17.
Nxa4 Qc2 18. Qxc2 Rxc2 19. Ng3 Nxe3 20. fxe3 h4 21. Nh1 Nf5 22. Rfe1 b6 23. Nf2 Be7 24. Ng4 Kd7 25. Rad1 Rhc8 26. e4 dxe4 27. Rxe4 Ra2 28. Rf4 Rxa3 29. Nb2 Rc2 30. Nd3 Raa2 31. Ngf2 Bg5 32.
Rf3 Ke7 33. d5 Be3 34. Re1 Bxf2+ 35. Nxf2 Nd4 36. d6+ Ke8 37. Rd3 Ne2+ 38. Kh2 Ng3 39. d7+ Kd8 40. Rxg3 hxg3+ 41. Kxg3 Rxf2 42. Rd1 Rfd2 43. Kf3 Rxd1 0-1

[Event "*** Qualifier 2: Titled Tuesday 3|2 Blitz"]
[Site "Chess.com"]
[Date "2017.04.11"]
[Round "5"]
[White "MasterLeif"]
[Black "brauliocuarta"]
[Result "1-0"]
[WhiteElo "2307"]
[BlackElo "2036"]
[TimeControl "180+2"]
[EndTime "14:05:35 PDT"]
[Termination "MasterLeif won by resignation"]

1. b3 e5 2. Bb2 Nc6 3. e3 Nf6 4. Bb5 e4 5. Ne2 a6 6. Bxc6 dxc6 7. Ng3 Bd6 8. O-O Bg4 9. Bxf6 Qxf6 10. Qxg4 Qxa1 11.
Nc3 Qb2 12. Qxe4+ Kf8 13. Nf5 Re8 14. Qd4 f6 15. Qg4 g6 16. Nxd6 cxd6 17. Qb4 Qxc2 18.
Qxb7 Qf5 19. Qxc6 Qc5 20. Qxa6 Kf7 21. h4 h5 22. g3 g5 23. Qb7+ Kg6 24. Qd5 Qc8 25.
Qd3+ Kh6 26. hxg5+ fxg5 27. Nd5 Qh3 28. Nc7 Re5 29. Qxd6+ Kh7 30. Qxe5 h4 31. Qe7+ Kh6 32. Qe6+ Qxe6 33. Nxe6 hxg3 34. fxg3 Ra8 35. a4 Rb8 36.
Nd4 1-0

[Event "*** Qualifier 2: Titled Tuesday 3|2 Blitz"]
[Site "Chess.com"]
[Date "2017.04.11"]
[Round "5"]
[White "Indianlad"]
[Black "TenisMaster"]
[Result "1-0"]
[WhiteElo "2600"]
[BlackElo "2638"]
[TimeControl "180+2"]
[EndTime "14:05:37 PDT"]
[Termination "Indianlad won by resignation"]

1. e4 e5 2. Nf3 Nc6 3. Bb5 a6 4.
Ba4 Nf6 5. O-O b5 6. Bb3 Bc5 7. c3 d6 8. d4 Bb6 9. a4 Rb8 10. Re1 O-O 11. Bg5 h6 12. Bh4 Bg4 13. axb5 axb5 14.
Bd5 Ne7 15. Bxf6 gxf6 16. h3 Bh5 17. Nbd2 Nxd5 18. exd5 Re8 19. Ne4 Bg6 20. Nh4 f5 21. Nxg6 fxg6 22. Ng3 exd4 23. Re6 Rxe6 24. dxe6 Qf6 25.
Qb3 dxc3 26. Re1 Re8 27. bxc3 Kg7 28. Qxb5 Re7 29. Qc4 f4 30. Nf1 Qf5 31. Nh2 d5 32. Qc6 h5 33. Nf3 Kf6 34. Qa8 Kg7 35. Qd8 Qf6 36. Qxd5 Qxc3 37. h4 Qc5 38. Qd2 Qd6 39. Qc3+ Kh7 40. Ng5+ Kg8 41. Qc2 Kg7 42. Rd1 Qc5 43. Qb2+ Kg8 44. Rd8+ 1-0

[Event "*** Qualifier 2: Titled Tuesday 3|2 Blitz"]
[Site "Chess.com"]
[Date "2017.04.11"]
[Round "5"]
[White "Feegus"]
[Black "proxy6"]
[Result "1-0"]
[WhiteElo "2386"]
[BlackElo "2220"]
[TimeControl "180+2"]
[EndTime "14:05:44 PDT"]
[Termination "Feegus won on time"]

1. d4 Nf6 2. Bf4 e6 3. e3 d5 4. Nf3 Bd6 5. Bg3 O-O 6. Bd3 c5 7. c3 Nc6 8. Nbd2 c4 9. Bc2 b5 10. Ne5 Ne7 11. f4 Bb7 12. Qf3 b4 13. Rc1 Ng6 14. Ndxc4 bxc3 15. bxc3 dxc4 16. Qxb7 Ba3 17.
Nc6 Qc8 18. Rb1 Qxb7 19. Rxb7 Rfc8 20. Ne5 Nxe5 21. fxe5 Nd5 22. Kd2 Rcb8 23. Rhb1 Rxb7 24.
Rxb7 Kf8 25. e4 Nb6 26. Bh4 Ke8 27. Bd1 h6 28. Be2 g6 29. Bf6 Bf8 30. a4 Nxa4 31. Bxc4 a6 32. Bb3 Nb2 33. Kc2 1-0

[Event "*** Qualifier 2: Titled Tuesday 3|2 Blitz"]
[Site "Chess.com"]
[Date "2017.04.11"]
[Round "5"]
[White "djano"]
[Black "feigelag"]
[Result "0-1"]
[WhiteElo "2287"]
[BlackElo "2209"]
[TimeControl "180+2"]
[EndTime "14:05:47 PDT"]
[Termination "feigelag won by resignation"]

1. d4 e6 2. Bf4 Bd6 3. Bg3 h5 4. e4 h4 5. Bxd6 cxd6 6. Nc3 a6 7.
a4 Nc6 8. d5 Ne5 9. Nf3 Qb6 10.
Nxe5 dxe5 11. Qd2 Nf6 12. O-O-O d6 13. dxe6 Bxe6 14. Qxd6 Qxd6 15. Rxd6 Rc8 16. f3 Ke7 17. Rd2 g5 18. Be2 Nh5 19. Rhd1 Rc7 20. Nd5+ Bxd5 21.
Rxd5 f6 22. Bf1 Nf4 23. R5d2 Ne6 24. Kb1 Rhc8 25. c3 Rb8 26. Ka2 b5 27. Rd6 Nc5 28. a5 b4 29. Rb6 Rxb6 30. axb6 Rb7 31. cxb4 Ne6 32. Bxa6 Rxb6 33. b5 h3 34. gxh3 Nd4 35. Rd3 Rd6 36. Ka3 Nc2+ 37. Kb3 Rxd3+ 38. Kxc2 Rxf3 39.
b6 Kd6 40. Bb5 Rxh3 41. b4 g4 42. b7 Rxh2+ 43. Kc3 Kc7 44. Bd7 g3 45. Bc8 g2 0-1

[Event "*** Qualifier 2: Titled Tuesday 3|2 Blitz"]
[Site "Chess.com"]
[Date "2017.04.11"]
[Round "5"]
[White "donotreadit"]
[Black "Sanan_Sjugirov"]
[Result "0-1"]
[WhiteElo "2526"]
[BlackElo "2691"]
[TimeControl "180+2"]
[EndTime "14:05:52 PDT"]
[Termination "Sanan_Sjugirov won by checkmate"]

1. d4 Nf6 2. c4 e6 3. g3 d5 4. Nf3 Bb4+ 5. Nbd2 O-O 6. Bg2 b6 7.
O-O Bb7 8. Qc2 Nbd7 9. a3 Bd6 10. b3 c5 11. e3 Rc8 12. dxc5 Nxc5 13. Bb2 Qe7 14. Ne5 Rfd8 15. Rfd1 a5 16. b4 axb4 17.
axb4 Na6 18. b5 Nc5 19. cxd5 Nxd5 20. Ndc4 Bc7 21. Qe2 Qe8 22. Qg4 Nf6 23. Qg5 h6 24.
Qh4 Bxg2 25. Kxg2 Qxb5 26. Rab1 Qa4 27. Ng4 Rxd1 28. Nxf6+ Kf8 29. Nh7+ Ke8 30. Bxg7 Qc6+ 31. Kh3 Ne4 32. Nf6+ Nxf6 33. Rxd1 Ne4 34. Qxh6 Nxf2+ 35. Kh4 Qe4+ 36. Kg5 Qg4+ 37. Kf6 Ne4# 0-1

[Event "*** Qualifier 2: Titled Tuesday 3|2 Blitz"]
[Site "Chess.com"]
[Date "2017.04.11"]
[Round "5"]
[White "Aragon"]
[Black "woodhy"]
[Result "0-1"]
[WhiteElo "2118"]
[BlackElo "2190"]
[TimeControl "180+2"]
[EndTime "14:05:57 PDT"]
[Termination "woodhy won by resignation"]

1. e4 e6 2. c4 d5 3. cxd5 exd5 4. Qb3 c6 5. Nc3 Nf6 6. e5 Ng4 7. Nf3 Qb6 8. Qxb6 axb6 9. d4 h5 10. Bd3 Nh6 11. O-O Bf5 12. Be2 Be7 13. Bg5 b5 14. h3 Nd7 15. Bxe7 Kxe7 16. Nh4 g6 17.
Rfe1 Nb6 18. b3 Bc2 19. Rec1 Bf5 20. Nd1 Ra3 21. Ne3 Be6 22. Nf3 Rha8 23. Rc2 Rxb3 24.
Ne1 Rb4 25. Rd2 Nf5 26. N3c2 Rba4 27. a3 Nc4 28. Rd3 b4 29. g4 hxg4 30. hxg4 Ng7 31. Rg3 bxa3 32. Bxc4 Rxc4 33. Rgxa3 Rxa3 34. Rxa3 Bxg4 35. f3 Bc8 36. Ra8 Kd7 37. Ra3 Nf5 38. Rd3 b5 39. Kf2 b4 40. Rb3 Nxd4 41. Nxd4 Rxd4 42. Ke3 c5 43. Nd3 Rxd3+ 44. Rxd3 Ke6 45. f4 d4+ 46.
Kf3 Kd5 47. Rd1 b3 48. Ra1 Bf5 49. Ra8 b2 50. Rd8+ Kc4 51. e6 fxe6 52. Rb8 b1=Q 0-1

[Event "*** Qualifier 2: Titled Tuesday 3|2 Blitz"]
[Site "Chess.com"]
[Date "2017.04.11"]
[Round "5"]
[White "Winehouse83"]
[Black "Infernal_XaM"]
[Result "0-1"]
[WhiteElo "2322"]
[BlackElo "2743"]
[TimeControl "180+2"]
[EndTime "14:06:05 PDT"]
[Termination "Infernal_XaM won by resignation"]

1. d4 Nf6 2. Bf4 c5 3. e3 Qb6 4. Nc3 cxd4 5. exd4 e6 6. a3 Be7 7. Nf3 O-O 8. Bd3 Nc6 9. O-O d6 10. b4 g6 11. Na4 Qd8 12. c4 Bd7 13. Nc3 Rc8 14.
d5 exd5 15. Nxd5 Nxd5 16. cxd5 Nb8 17. Rc1 Bg4 18. h3 Bxf3 19. Qxf3 Nd7 20. Rxc8 Qxc8 21. Qe3 Re8 22. Qxa7 Ne5 23. Bxe5 dxe5 24. Qe3 Bd6 25. Bb5 Re7 26. Rc1 Qd8 27. Qc3 Kg7 28. Qc8 Qb6 29. Be2 Qd4 30. Qc4 Qd2 31. Rd1 Qb2 32. Qd3 Rc7 33. Rb1 Qa2 34. Bd1 h5 35. Bb3 Qxa3 36. b5 Qa5 37. Bd1 Rc3 38. Qd2 Qa3 39. Qb2 Qxb2 40.
Rxb2 Rc1 41. Rd2 b6 42. Kh2 e4+ 43. g3 f5 44. Be2 Kf6 45. Kg2 Ke7 46. Ra2 Bc5 47.
Ra7+ Kf6 48. Rc7 Rc2 49. Kf1 Rd2 50. Rc6+ Kg7 51. d6 h4 52. gxh4 f4 53. Bc4 f3 54.
Ke1 Bb4 55. Rc7+ 0-1

[Event "*** Qualifier 2: Titled Tuesday 3|2 Blitz"]
[Site "Chess.com"]
[Date "2017.04.11"]
[Round "5"]
[White "Outsmiter"]
[Black "MorpheusPro"]
[Result "0-1"]
[WhiteElo "2102"]
[BlackElo "2161"]
[TimeControl "180+2"]
[EndTime "14:06:06 PDT"]
[Termination "MorpheusPro won by checkmate"]

1. e4 c6 2. d3 d5 3. Nd2 e5 4.
Ngf3 Bg4 5. g3 Nf6 6. Bg2 Be7 7. O-O O-O 8. h3 Bxf3 9. Bxf3 dxe4 10. Nxe4 Nxe4 11.
Bxe4 f5 12. Bg2 f4 13. Bd2 Na6 14. Bc3 Bd6 15. Qg4 Qc8 16. Qe2 Qf5 17. g4 Qf6 18.
Be4 Nc5 19. f3 Rae8 20. Be1 Ne6 21. h4 Nd4 22. Qf2 Ne6 23. Kh1 Bc5 24. Qh2 Be3 25. Bf2 Rd8 26. Bxe3 fxe3 27. Rae1 Qf4 28. c3 Nc5 29.
Qe2 Qg3 30. h5 Qh3+ 31. Kg1 Qg3+ 32. Kh1 Qh3+ 33. Kg1 Qg3+ 34. Kh1 Nxe4 35. fxe4 Rf2 36. Qxe3 Qg2# 0-1

[Event "*** Qualifier 2: Titled Tuesday 3|2 Blitz"]
[Site "Chess.com"]
[Date "2017.04.11"]
[Round "5"]
[White "saraswathii"]
[Black "1e41-0"]
[Result "1-0"]
[WhiteElo "2200"]
[BlackElo "2313"]
[TimeControl "180+2"]
[EndTime "14:06:10 PDT"]
[Termination "saraswathii won by resignation"]

1. e4 e6 2. d3 d5 3. Nd2 Nf6 4.
Ngf3 c5 5. g3 Nc6 6. Bg2 g6 7.
O-O Bg7 8. Qe2 O-O 9. Re1 a5 10. c3 b6 11. Nf1 Ba6 12. e5 Nd7 13. Bf4 Qc7 14. Rad1 b5 15. h4 b4 16. h5 a4 17. a3 h6 18. hxg6 fxg6 19. Bh3 Rae8 20.
Qe3 g5 21. Bxg5 hxg5 22. Nxg5 Qxe5 23. Qd2 Qf6 24. Bxe6+ Kh8 25. Bxd7 Rxe1 26. Rxe1 Ne5 27. f4 Qxg5 28. Rxe5 Qh6 29. Re6 Rf6 30. Re8+ Rf8 31. Rxf8+ Bxf8 32. Qe2 bxa3 33. bxa3 c4 34. Qe5+ Qg7 35.
Qh5+ Qh6 36. Qxd5 Qb6+ 37. d4 Bb7 38. Qf7 Qh6 39. Be6 Qh1+ 40. Kf2 Qf3+ 41. Ke1 Qxc3+ 42. Nd2 Qxg3+ 43. Kd1 Qg7 44. Qh5+ Qh6 45. Qe5+ Qg7 46. Nxc4 Qxe5 47. fxe5 Ba6 48. Nd6 Kg7 49. Bd7 Bxd6 50. exd6 Kf7 51. Bxa4 Ke6 52. d7 Ke7 53. Kc2 Kd8 54. Kc3 Bb7 55. Kb4 Bd5 56. Kc5 Be6 57. Bc6 Bh3 58. a4 Bf1 59. Bb5 Bg2 60. a5 Bb7 61.
Kb6 Ba8 62. Bc6 Bxc6 63. Kxc6 Ke7 64. Kc7 Ke6 1-0